[Event "13th KIIT Festival-A 2022"]
[Site "Bhubaneswar"]
[Date "2022.05.22"]
[Round "1.14"]
[White "Nitin, S.."]
[Black "Shounak Mazumder"]
[Result "1-0"]
[ECO "C46"]
[WhiteElo "2399"]
[BlackElo "1709"]
[Annotator "TA"]
[PlyCount "95"]
[EventDate "2022.05.15"]
[EventType "swiss"]
[EventCountry "IND"]
[SourceTitle "playchess.com"]
[Source "ChessBase"]
[SourceQuality "1"]
[TimeControl "5400+30"]

1. e4 e5 2. Nf3 Nc6 3. Nc3 Bc5 4. Nxe5 Nxe5 5. d4 Bd6 6. dxe5 Bxe5 7. f4 Bxc3+ 8. bxc3 d6 9. Bd3 {[%emt 0:03:14] The main line 9.Bd3 scores better than 9.Bc4. C46: 3 Nc3: Unusual Black 3rd moves.} Nf6 (9... Qh4+ $11 10. g3 Qh3) 10. O-O $14 O-O 11. Qf3 {[%emt 0:01:21] White is slightly better.} (11. e5 $5 Nd5 12. Bxh7+ $1 Kxh7 13. Qxd5 $11) 11... Re8 {[%emt 0:12:14] Prevents e5.} ({Don't do} 11... Bg4 12. Qg3 Bd7 13. e5 $16) 12. c4 c6 13. Rb1 {[%emt 0:04:05] [#]} Qe7 $146 ({Predecessor:} 13... Qc7 14. Bb2 Nd7 15. Qg3 f6 16. Kh1 Rf8 17. e5 fxe5 18. fxe5 Rxf1+ 19. Rxf1 Nxe5 {1-0 (27) Cantero,R (2055)-Laperuta,R (1566) Florianopolis 2019}) 14. Re1 d5 15. cxd5 Nxd5 16. Bd2 Nb6 17. e5 $1 Be6 {[%emt 0:00:30] [#]} (17... Bd7 {might work better.} 18. a4 g6) 18. f5 $1 $18 Bxa2 {[%emt 0:00:30] [#]} 19. f6 $1 Qc5+ 20. Be3 Qxe5 21. Bxb6 {[%emt 0:00:30] Really sharp! A strong pair of Bishops.} Qxf6 22. Rxe8+ $40 {[%emt 0:00:30][%mdl 128] White attacks with force.} Rxe8 23. Qxf6 gxf6 24. Ra1 axb6 25. Rxa2 {[%emt 0:00:30][%mdl 4096] Endgame KRB-KR} b5 26. Kf2 Kg7 27. Kf3 h6 28. Be4 Kf8 29. Kf4 Kg7 (29... Re7 {is a better defense.} 30. Ra8+ Kg7) 30. Ra7 Rb8 31. c3 Kf8 32. Kf5 Ke7 $2 (32... Kg7 33. g3 h5) 33. Bxc6 {[%emt 0:00:30] White is clearly winning.} Kd6 34. Bxb5 Kc5 35. c4 Kb6 36. Ra2 Rc8 37. Kxf6 Rc7 38. Re2 Rc5 39. Re5 {[%emt 0:00:30] Strongly threatening Rxc5.} Rc7 40. g4 Ka7 41. h4 Kb6 42. g5 hxg5 43. hxg5 Rc8 44. Kxf7 Rd8 45. g6 Rd1 46. g7 Rf1+ 47. Kg6 Rg1+ 48. Rg5 {[%emt 0:00:30] Black got outplayed after the opening.  Weighted Error Value: White=0.19 (very precise) /Black=0.30} 1-0

[Event "13th KIIT Festival-A 2022"]
[Site "Bhubaneswar"]
[Date "2022.05.22"]
[Round "1.16"]
[White "Gusain, Himal"]
[Black "Arnab Debnath"]
[Result "1-0"]
[ECO "D61"]
[WhiteElo "2396"]
[BlackElo "1691"]
[Annotator "TA"]
[PlyCount "75"]
[EventDate "2022.05.15"]
[EventType "swiss"]
[EventCountry "IND"]
[SourceTitle "playchess.com"]
[Source "ChessBase"]
[SourceQuality "1"]
[TimeControl "5400+30"]

1. d4 d5 2. c4 e6 3. Nc3 Nf6 4. Bg5 Be7 5. Nf3 c6 6. e3 Nbd7 7. Qc2 O-O 8. Bd3 dxc4 9. Bxc4 b5 10. Bd3 {[%emt 0:00:29] D61: Queen's Gambit Declined: Classical: 7 Qc2.} h6 11. Bh4 (11. Bxf6 $5 Nxf6 12. Ne4 $11) 11... Nd5 (11... Bb7 $11 {keeps the balance.}) 12. Bxe7 $16 {[%emt 0:00:42] White is better.} Qxe7 13. a3 {[%emt 0:00:57] Prevents Nb4.} (13. Nxd5 $16 cxd5 14. O-O) 13... a6 {[%emt 0:00:00] [#]} 14. Rc1 $146 ({Predecessor:} 14. O-O Bb7 15. Rfc1 Nxc3 16. Qxc3 Rfc8 17. b4 Ra7 18. Nd2 e5 19. Bf5 Rd8 20. Nb3 {½-½ (51) Pilarte,R (2069)-Flores,M (1879) Managua 2021}) 14... Bb7 15. Ne4 e5 16. Nc5 Nxc5 17. Qxc5 exd4 18. Nxd4 (18. Qxd4 $6 Rfd8 $11) 18... Qg5 19. O-O Rfe8 20. Rfe1 Rad8 21. g3 (21. Nxc6 Rd7 $14) 21... Nf4 22. Qxg5 hxg5 {This move loses the game for Black.} (22... Nh3+ $16 {is a better defense.} 23. Kf1 Nxg5) 23. exf4 $18 (23. gxf4 c5 $16) 23... Rxe1+ 24. Rxe1 g6 $2 {[#]} (24... Kf8 25. Nb3 (25. fxg5 Rxd4 26. Be4 a5 $16) (25. Re4 c5 $17) 25... Rxd3) 25. Nb3 $1 Rxd3 {[%mdl 4096] Endgame KRB-KRN} (25... gxf4 26. Nc5) 26. Nc5 Rd2 27. b4 gxf4 28. Nxb7 {[%emt 0:00:30] KRN-KR} Ra2 29. Nd8 ({Don't do} 29. gxf4 Rxa3 30. Nd8 Rc3 31. Re8+ Kg7) 29... Rxa3 30. Nxc6 f3 $2 (30... fxg3 {was necessary.} 31. hxg3 Rc3) 31. h4 Rc3 32. Nb8 Ra3 33. Re3 Rxe3 (33... Ra1+ $18 34. Kh2 a5 35. bxa5 Rxa5 36. Rxf3 Ra8) 34. fxe3 {[%emt 0:00:30] White mates.} a5 35. bxa5 b4 36. Nc6 b3 {[#]} 37. Ne7+ $1 Kf8 38. Nd5 {[%emt 0:00:30] Weighted Error Value: White=0.14 (very precise) /Black=0.66} 1-0

[Event "13th KIIT Festival-A 2022"]
[Site "Bhubaneswar"]
[Date "2022.05.22"]
[Round "1.17"]
[White "Shadhursshaan R"]
[Black "Audi Ameya"]
[Result "0-1"]
[ECO "E73"]
[WhiteElo "1690"]
[BlackElo "2389"]
[Annotator "TA"]
[PlyCount "96"]
[EventDate "2022.05.15"]
[EventType "swiss"]
[EventCountry "IND"]
[SourceTitle "playchess.com"]
[Source "ChessBase"]
[SourceQuality "1"]
[TimeControl "5400+30"]

1. d4 Nf6 2. c4 g6 3. Nc3 Bg7 4. e4 d6 5. Be2 O-O 6. h4 c5 {[%emt 0:03:31] 6...c5 scores better than 6...h5.} 7. d5 b5 8. cxb5 {[%emt 0:04:35] E73: King's Indian: Averbakh Variation without 6...c5.} a6 9. Bd2 axb5 10. Bxb5 {[%emt 0:00:21] [#] The position is equal.} Na6 $146 ({Predecessor:} 10... Ba6 11. a4 Nbd7 12. Nf3 Ng4 13. O-O Bxb5 14. axb5 Rxa1 15. Qxa1 Nde5 16. Nxe5 Bxe5 {0-1 (33) Meeres,M (2260)-Kaufman,L (2415) Philadelphia 1997}) 11. Nf3 Nc7 12. Be2 e6 13. dxe6 Nxe6 14. O-O Nd4 15. Re1 Re8 16. Bg5 h6 17. Bxf6 Qxf6 18. Nxd4 cxd4 19. Nd5 Qxh4 20. g3 (20. Nc7 $2 {[#]} Be5 $1 21. f4 Bxf4 $1 $19) 20... Qd8 21. Bb5 Re5 22. f4 Re6 (22... Rh5 {keeps more tension.} 23. a4 Rb8 24. Ra3 Bd7) 23. Qc2 {And now Qc7 would win.} Rb8 24. a4 Bb7 25. Bc4 Re8 26. Bb5 Bxd5 27. exd5 ({But not} 27. Bxe8 $2 Bb3 28. Qc6 Qxe8 29. Qxd6 d3 30. Qxd3 Bxb2 $19) 27... Re3 28. Rxe3 dxe3 29. Rc1 Qa5 30. Kg2 Bd4 31. Rd1 Qb4 32. Kf3 Bc5 ({Don't play} 32... Bxb2 33. Rb1 e2 34. Kxe2 $16) 33. Qc3 Qxc3 $1 (33... e2 34. Re1 $16) 34. bxc3 $11 {[%mdl 4096] Endgame KRB-KRB} f5 35. c4 Kg7 36. a5 Kf6 37. Rh1 h5 38. a6 Ba7 39. Re1 Ke7 40. Rb1 Kd8 41. Rb3 Kc7 42. Ke2 Bc5 43. Kd3 Ra8 44. Rb1 Rb8 45. Ra1 Ba7 46. Re1 Bc5 47. Kc3 Kb6 48. Bc6 (48. Ra1 $11) 48... Ka7 {[%mdl 32768] Weighted Error Value: White=0.10 (very precise) /Black=0.07 (flawless) . Sensor Board Error (Ke4/e5)?} ({Don't take} 48... Kxa6 49. Ra1+ Kb6 50. Rb1+ Kc7 51. Rxb8 Kxb8 52. Kd3 $14) (48... Rg8 $15) 0-1

[Event "13th KIIT Festival-A 2022"]
[Site "Bhubaneswar"]
[Date "2022.05.23"]
[Round "2.1"]
[White "Amonatov, Farrukh"]
[Black "Hegde, Ravi Gopal"]
[Result "1-0"]
[ECO "B15"]
[WhiteElo "2622"]
[BlackElo "2001"]
[Annotator "TA"]
[PlyCount "75"]
[EventDate "2022.05.15"]
[EventType "swiss"]
[EventCountry "IND"]
[SourceTitle "playchess.com"]
[Source "ChessBase"]
[SourceQuality "1"]
[TimeControl "5400+30"]

1. e4 g6 2. d4 Bg7 3. Nf3 c6 4. Nc3 d5 5. h3 dxe4 6. Nxe4 Nf6 7. Nxf6+ exf6 8. Bc4 O-O 9. O-O {[%emt 0:00:06] Active counter play!} Qd6 {[%emt 0:00:41] B15: Caro-Kann: 3 Nc3: 3...g6 and 3...dxe4 4 Nxe4 Nf6 5 Nxf6+ exf6.} 10. Re1 Nd7 11. Bb3 {[%emt 0:00:33] [#]} (11. a4 $14) 11... Rd8 $146 {[%emt 0:03:40][%cal Od7c5] The position is equal.} ({Predecessor:} 11... b5 12. a4 b4 13. c4 c5 14. Be3 cxd4 15. Nxd4 Nc5 16. Bc2 Ne6 17. Nf5 Qxd1 {½-½ (31) Plachetka,J (2373)-Schwarhofer,C (2378) Austria 2016}) 12. Be3 Nf8 13. Qd2 Be6 14. c4 g5 15. d5 cxd5 16. cxd5 Bxd5 17. Rad1 Bxb3 18. Qxd6 Bxd1 19. Qg3 ({Reject} 19. Rxd1 $6 Rxd6 20. Rxd6 Ne6 $11) (19. Qb4 $16) 19... Ne6 $11 {[%emt 0:00:21] Prevents Nd4.} 20. Nd2 Bc2 21. Qf3 f5 {[%emt 0:05:25] And now ...f4 would win.} 22. Rc1 Rac8 23. Qxb7 f4 {[%emt 0:06:15] [#]} (23... Rc7 $11 {keeps the balance.} 24. Qxc7 Nxc7 25. Rxc2 Ne6) 24. Bxa7 $1 $16 h5 {[%emt 0:15:29] [#]} (24... Rc7 25. Qxc7) 25. Nf3 ({Inferior is} 25. Bb6 Rb8 26. Qa7 Ra8 $11) (25. a4 $1 $18) 25... g4 26. hxg4 hxg4 27. Ne1 Rc7 28. Qb6 ({White should play} 28. Qa6 Bg6 29. Rxc7 Nxc7 30. Qe2) 28... Rd1 $2 {[%emt 0:06:43][%mdl 8192] Black cannot hold the game after this.} (28... Bd4 $16 {is a better chance.} 29. Qxc7 Nxc7 30. Bxd4 (30. Rxc2 Bxa7 31. Rxc7 Bd4 $16) 30... Rxd4) 29. Rxd1 $18 Bxd1 30. Bb8 Rc8 (30... Rc1 $142) 31. Qb7 Rd8 32. Bc7 Nxc7 33. Qxc7 Rd4 34. Qc8+ Bf8 35. Qc3 Re4 36. Nd3 g3 37. Qd2 Be2 38. Nxf4 {[%emt 0:02:40] Weighted Error Value: White=0.19 (very precise) /Black=0.46} 1-0

[Event "13th KIIT Festival-A 2022"]
[Site "Bhubaneswar"]
[Date "2022.05.23"]
[Round "2.2"]
[White "Shaik Sumer Arsh"]
[Black "Paichadze, Luka"]
[Result "0-1"]
[ECO "E32"]
[WhiteElo "1999"]
[BlackElo "2567"]
[Annotator "TA"]
[PlyCount "74"]
[EventDate "2022.05.15"]
[EventType "swiss"]
[EventCountry "IND"]
[SourceTitle "playchess.com"]
[Source "ChessBase"]
[SourceQuality "1"]
[TimeControl "5400+30"]

1. d4 Nf6 2. c4 e6 3. Nc3 Bb4 4. Qc2 O-O 5. e4 d5 6. e5 Ne4 7. Bd3 c5 $1 8. Nge2 {[%emt 0:00:11] E32: Nimzo-Indian: Classical (4 Qc2): 4...0-0.} cxd4 9. Nxd4 Nd7 10. Bf4 {[%emt 0:00:11] The position is equal.} Qh4 11. g3 Qh5 12. h4 Nxe5 13. Be2 Ng4 (13... Bxc3+ 14. bxc3 Ng4 15. Bxg4 (15. f3 e5 $17) 15... Qxg4 16. f3 $14) 14. Bxg4 Qxg4 15. f3 {[%emt 0:00:17] [#]} Qh5 16. g4 (16. fxe4 e5 17. cxd5 exd4 $17) 16... Qg6 (16... Bxc3+ 17. bxc3 Qg6 18. fxe4 $14) 17. fxe4 e5 $1 18. O-O-O {[%emt 0:21:48] Threatens to win with h5.} Bxc3 ({Much less strong is} 18... exd4 19. h5 (19. Nxd5 Bd6 $14) 19... d3 20. Rxd3 $16 (20. hxg6 dxc2 21. gxh7+ Kh8 $11)) 19. Nf5 Bxf5 (19... Qxg4 20. Nh6+ gxh6 21. Rhg1 exf4 22. Qxc3 $16) 20. gxf5 {[%emt 0:00:10] [#]} Qa6 $36 {[%emt 0:03:26][%mdl 2048] Black has some pressure.} 21. Qxc3 {[%emt 0:37:45][%cal Oh1g1] Hoping for Rhg1!} d4 22. Qb3 exf4 23. Rxd4 Rad8 {[%emt 0:00:56] [#]} 24. Rhd1 $146 {[%emt 0:10:18] This move loses the game for White.} (24. Qd3 $1 $15 Rxd4 25. Qxd4) ({Predecessor:} 24. Qd3 Rxd4 25. Qxd4 Rc8 26. b3 Qxa2 27. Rd1 g6 28. f6 h5 29. Rd3 Qg2 30. Qd7 {1-0 (49) Xiong,J (2709)-Esipenko,A (2682) Chess.com INT 2020}) 24... Rxd4 $19 25. Rxd4 {[%emt 0:00:02][%mdl 4096] Endgame KQR-KQR} Qh6 26. Qf3 Qxh4 27. Rd1 (27. e5 $142) 27... Re8 28. Rg1 Qe7 29. Rd1 g5 30. Qh5 $2 (30. fxg6 fxg6 31. Qxf4) 30... Qf6 {[%emt 0:01:59] Black is clearly winning.} 31. Qf3 Rc8 32. Qe2 b5 33. Kb1 bxc4 34. Qc2 f3 35. Rd5 g4 {[%emt 0:01:36] Strongly threatening ...g3.} 36. e5 Qg5 {[%emt 0:00:11] aiming for ...g3.} 37. f6 Qg6 {[%emt 0:01:36] Weighted Error Value: White=0.68/Black=0.04 (flawless)} 0-1

[Event "13th KIIT Festival-A 2022"]
[Site "Bhubaneswar"]
[Date "2022.05.23"]
[Round "2.3"]
[White "Fedorov, Alexei"]
[Black "Pawar, Harshit"]
[Result "1-0"]
[ECO "B01"]
[WhiteElo "2529"]
[BlackElo "1961"]
[Annotator "TA"]
[PlyCount "29"]
[EventDate "2022.05.15"]
[EventType "swiss"]
[EventCountry "IND"]
[SourceTitle "playchess.com"]
[Source "ChessBase"]
[SourceQuality "1"]
[TimeControl "5400+30"]

1. e4 d5 2. exd5 Qxd5 3. Nc3 Qa5 4. d4 Nf6 5. Bd2 c6 6. Bd3 Bg4 {[%emt 0:06:17] [#]} 7. Ne4 $1 {[%emt 0:01:12] B01: Scandinavian Defence.} Qh5 (7... Bxd1 8. Bxa5) 8. f3 {[%emt 0:11:16][%cal Bf2f3,Bf3g4,Bg4g5][%mdl 32] White is more active.} Nxe4 9. fxg4 {[%emt 0:05:14] White is better.} ({Don't take} 9. Bxe4 Bf5 $14) 9... Qd5 10. Be3 {[%emt 0:01:55] [#]} Nd7 $146 ({Predecessor:} 10... e5 11. Qe2 Bb4+ 12. Kf1 Nf6 13. c4 Qd8 14. g5 Nfd7 15. Nf3 O-O 16. dxe5 Qe7 {0-1 (64) Briao,P (2117)-Sperandio,A (1992) ICCF email 2011}) 11. Nf3 {[%emt 0:01:32] Strongly threatening 0-0.} e5 (11... Nef6 $16) 12. O-O $18 {[%emt 0:03:21] [#] c4 is the strong threat.} Nef6 (12... Nd6 {might work better.}) 13. c4 Qa5 14. g5 Ng8 (14... Ng4 {was called for.}) 15. Bf5 {[%emt 0:01:02] Black got outplayed after the opening.  Weighted Error Value: White=0.00 (flawless) /Black=0.54} 1-0

[Event "13th KIIT Festival-A 2022"]
[Site "Bhubaneswar"]
[Date "2022.05.23"]
[Round "2.4"]
[White "Sahib Singh"]
[Black "Savchenko, Boris"]
[Result "0-1"]
[ECO "B25"]
[WhiteElo "1991"]
[BlackElo "2524"]
[Annotator "TA"]
[PlyCount "120"]
[EventDate "2022.05.15"]
[EventType "swiss"]
[EventCountry "IND"]
[SourceTitle "playchess.com"]
[Source "ChessBase"]
[SourceQuality "1"]
[TimeControl "5400+30"]

1. e4 c5 2. Nc3 g6 3. f4 Bg7 4. Nf3 Nc6 5. g3 d6 6. Bg2 Rb8 7. O-O b5 8. d3 Nf6 9. h3 O-O 10. g4 $1 a5 {[%emt 0:01:57] B25: Closed Sicilian: 3 g3, lines without early Be3.} 11. Rb1 b4 12. Ne2 c4 {[%emt 0:05:40][%cal Ob4b3] The position is equal.} 13. Be3 Ba6 {[%emt 0:00:27] [#]} 14. Ng3 $146 ({Predecessor:} 14. b3 cxd3 15. cxd3 Nd7 16. d4 e5 17. Rf2 Qb6 18. Qd2 exd4 19. Nexd4 Nxd4 20. Nxd4 {0-1 (29) Boyer,M (2412)-Korobov,A (2683) Chess.com INT 2021}) 14... a4 15. Rf2 b3 16. axb3 cxd3 17. bxa4 Nb4 18. c3 Nc2 19. Rxc2 dxc2 20. Qxc2 Qc7 21. b3 d5 22. e5 Ne4 23. Nxe4 dxe4 24. Qxe4 (24. Ne1 $14) 24... Qxc3 $11 25. Bd2 $1 Qc5+ {[%emt 0:07:47][%mdl 1024] Black has compensation.} 26. Qd4 (26. Be3 $5 Qc3 27. Bd4 $11) 26... Qc2 27. Rb2 Qd1+ 28. Be1 Rfd8 29. Qxd1 Rxd1 30. b4 Ra1 {[%emt 0:00:26] Hoping for ...g5.} 31. Kf2 $1 f6 {[%emt 0:02:15] Strongly threatening ...fxe5.} 32. Bc3 Rxa4 {[%emt 0:05:53] Black is more active.} 33. Nd4 Bb7 34. Nc6 Bxc6 ({Much weaker is} 34... Re8 $6 35. Nxe7+ Rxe7 36. exf6 $11) 35. Bxc6 Ra3 36. Rb3 {[%emt 0:00:22][%mdl 64] Decoy} Rxb3 37. Bd5+ {[%emt 0:00:04] A strong pair of Bishops.} Kf8 38. Bxb3 fxe5 39. fxe5 $17 {[%emt 0:00:05][%mdl 4096] Endgame KRB-KB} Rc8 40. Bd4 Rc1 {[%emt 0:03:07] ...Rb1 is the strong threat.} 41. Bd5 $2 {[%emt 0:00:04][%mdl 8192] White does not recover from this.} (41. Be6 $17) 41... Rd1 $19 42. Ke3 {[%emt 0:00:06] [#]} Bxe5 $3 43. Bxe5 Rxd5 {[%emt 0:00:08] KR-KB} 44. Bd4 (44. Ke4 Rd1 45. h4) 44... e5 45. Bc5+ Kf7 {[%emt 0:00:07] White must now prevent ...Ke6.} 46. Ke4 Ke6 47. h4 (47. Be3 $142) 47... Rd1 48. Bf2 Rb1 {[%emt 0:00:11] And now ...h5 would win.} 49. Bc5 h5 50. gxh5 gxh5 51. Kf3 Kd5 52. Ke3 Rh1 53. Be7 Ke6 54. Bd8 Rh3+ (54... Rc1 $142 55. b5 Rc8 56. Ba5 Rc5 57. Ke4 Rxb5 58. Bd8 Rb8 59. Ba5 Rb3 60. Bd2 Rh3 61. Bg5 Ra3 62. Bd8 Ra8 63. Bg5 Rg8 64. Bh6 Rg4+ 65. Kf3 Rxh4 66. Bg5 Rd4 67. Bh6 Rg4 68. Be3 e4+ 69. Ke2 h4 70. Bb6 h3 71. Bc7 Rg2+ 72. Ke3 Kd5 73. Bf4 h2 74. Bxh2 Rxh2 75. Kf4 Rf2+ 76. Ke3 Rf3+ 77. Kd2 Kc4 78. Kc2 e3 79. Kd1 Rf2 80. Kc1 Rd2 81. Kb1 e2 82. Kc1 e1=Q#) 55. Ke4 Rc3 {[%emt 0:00:13] Black mates.} 56. b5 Rc8 57. Bg5 Rb8 58. Ke3 Rxb5 59. Ke4 Rb4+ 60. Ke3 Kf5 {[%emt 0:00:04] Weighted Error Value: White=0.65/Black=0.17 (very precise)} (60... Kd5 $142 61. Kd2 Rb3 62. Bf6 Kd4 63. Ke1 Rb2 64. Kf1 Ke4 65. Bg7 Kf3 66. Ke1 Rh2 67. Kd1 e4 68. Bc3 e3 69. Ba5 Rxh4 70. Kc2 Ra4 71. Bd8 h4 72. Bf6 e2 73. Bc3 h3 74. Be1 h2 75. Kb3 {[#]} h1=Q $1 76. Kxa4 Qxe1 77. Kb3 Qa5 78. Kc2 Qa2+ 79. Kd3 e1=Q 80. Kd4 Qe3#) 0-1

[Event "13th KIIT Festival-A 2022"]
[Site "Bhubaneswar"]
[Date "2022.05.23"]
[Round "2.5"]
[White "Atul, Kumar"]
[Black "Aleksandrov, Aleksej"]
[Result "0-1"]
[ECO "A03"]
[WhiteElo "1953"]
[BlackElo "2492"]
[Annotator "TA"]
[PlyCount "70"]
[EventDate "2022.05.15"]
[EventType "swiss"]
[EventCountry "IND"]
[SourceTitle "playchess.com"]
[Source "ChessBase"]
[SourceQuality "1"]
[TimeControl "5400+30"]

1. f4 d5 2. Nf3 Nf6 3. e3 Bg4 4. h3 Bxf3 5. Qxf3 Nbd7 6. c4 {[%emt 0:07:22] A03: Bird's Opening with 1...d5.} (6. g4 $14) 6... e5 $15 7. Nc3 {[%emt 0:09:34] [#]} exf4 $146 ({Predecessor:} 7... e4 8. Qf2 dxc4 9. Bxc4 Nc5 10. d4 exd3 11. Qf3 c6 12. Bd2 a5 13. Rd1 Be7 {1-0 (44) Ruf,M-Balzar,A Neunkirchen 1986}) 8. exf4 {[%emt 0:03:03] Black is slightly better.} Bc5 9. cxd5 O-O 10. Bc4 Nb6 11. Bb3 Qd7 12. d3 Rad8 {[%emt 0:00:09] Black is more active.} 13. Bd2 Nfxd5 ({Better is} 13... Rfe8+ $17 14. Ne4 Nxe4 15. dxe4 Rxe4+ $3 16. Qxe4 Re8 17. Qxe8+ Qxe8+ 18. Kd1 Nxd5 $1 19. Bxd5 Qd7) 14. Ne4 (14. O-O-O $11 {and White stays safe.}) 14... Bd4 $19 15. Bc3 Ne3 {[%emt 0:05:08] Pair of Knights!} 16. Ke2 {[%emt 0:13:11] [#]} Bxc3 17. Qxe3 Bxb2 18. Rad1 a5 19. Qd2 a4 20. Qxb2 axb3 21. Qxb3 Nd5 22. Rhf1 {[%emt 0:01:52] [#]} Qf5 (22... Rfe8 $1 $19 {aiming for ...f5.} 23. Rf3 f5) 23. g4 (23. Rf3 $17 {keeps fighting.}) 23... Qg6 ({Don't do} 23... Nxf4+ 24. Kf3 Qe5 25. d4 Rxd4 26. Rxd4 Qxd4 27. Kxf4 $16) 24. Rf3 ({Don't blunder} 24. Qxb7 $2 f5 25. gxf5 Qg2+ 26. Ke1 Ne3 27. Nf6+ Rxf6 28. Qxg2 Nxg2+ 29. Kf2 Nxf4 $19) 24... f5 25. gxf5 Rxf5 {[%emt 0:01:01] Strongly threatening ...Qg2+.} 26. Rdf1 b6 27. Nc3 h6 28. Nxd5 Rdxd5 29. Qc4 Kh7 30. R1f2 c5 31. Kd2 $2 (31. Qe4) 31... Rd4 32. Qc3 b5 33. Kc2 Qf6 34. Re2 (34. Kb1 $142) 34... c4 35. Re4 (35. Kb1 $142 Rfxf4 36. Rxf4 Qxf4 37. dxc4) 35... cxd3+ {[%emt 0:00:15] Weighted Error Value: White=0.65/Black=0.17 (very precise)} 0-1

[Event "13th KIIT Festival-A 2022"]
[Site "Bhubaneswar"]
[Date "2022.05.23"]
[Round "2.6"]
[White "Nikitenko, Mihail"]
[Black "Koustav Chakraborty"]
[Result "1-0"]
[ECO "B77"]
[WhiteElo "2479"]
[BlackElo "1945"]
[Annotator "TA"]
[PlyCount "91"]
[EventDate "2022.05.15"]
[EventType "swiss"]
[EventCountry "IND"]
[SourceTitle "playchess.com"]
[Source "ChessBase"]
[SourceQuality "1"]
[TimeControl "5400+30"]

1. e4 c5 2. Nf3 d6 3. d4 cxd4 4. Nxd4 Nf6 5. Nc3 g6 6. Be3 Bg7 7. f3 O-O 8. Bc4 Nc6 9. Bb3 Bd7 10. h4 Nxd4 11. Bxd4 b5 12. Qd2 a5 13. a3 {[%emt 0:05:47][%cal Oh4h5] B77: Sicilian Dragon: Yugoslav Attack, 9 Bc4 sidelines.} (13. h5 {is more complex.} a4 14. Bd5 b4 15. Bxf6 exf6 16. Ne2) 13... e5 (13... b4 {is interesting.} 14. Nd5 a4 15. Bc4 bxa3 16. Rxa3 e6) 14. Be3 {[%emt 0:00:06] [#]} Be6 $146 ({Predecessor:} 14... b4 15. Nd5 a4 16. Bc4 bxa3 17. Rxa3 Rb8 18. b3 axb3 19. cxb3 Nxd5 20. Bxd5 Be6 {1-0 (46) Ivanchuk,V (2475)-Pigusov,E (2500) Minsk 1986}) 15. Bxe6 {[%emt 0:08:12] White is slightly better.} fxe6 16. Nxb5 d5 17. c4 (17. exd5 $16 Rb8 18. a4) 17... d4 ({Better is} 17... dxe4 $11 18. Qxd8 Rfxd8) 18. Bg5 $14 Qc8 19. Rc1 a4 20. Qb4 (20. Rc2 $16) 20... h6 $11 21. Bxf6 Bxf6 22. g3 Bd8 {[%emt 0:03:38] Hoping for ...Ba5.} 23. O-O Ra6 $2 (23... Qc6 $11) 24. c5 $1 $18 Qc6 {[%emt 0:07:39] [#]} 25. Qc4 $1 Rf6 26. Nd6 g5 {[%emt 0:04:28] Against f4} 27. hxg5 hxg5 {[%emt 0:00:26] [#]} 28. Kg2 $1 Be7 29. Ne8 {[%emt 0:02:58] 0x0.001b5acac0e5dp-1022s more active pieces.} Rg6 $1 $14 30. Rh1 g4 (30... Ra8 $5 31. Nd6 g4 $14) 31. Rh5 {[%emt 0:01:51][%cal Oc1h1] And now Rch1! would win.} gxf3+ (31... Kf7 $5 32. Nd6+ Bxd6 33. cxd6 gxf3+ 34. Kxf3 Rf6+ 35. Kg4 Qxe4+ 36. Kh3 Kg6 $11) 32. Kf2 $1 {[%emt 0:04:17][%cal Oc1h1,Bg2f2,Bf2f1,Bf1e2,Be2d3][%mdl 32] aiming for Rch1!} Ra8 (32... Qxe4 33. Rch1 Qe3+ 34. Kf1) (32... Kf7 $5 33. Nd6+ (33. Nc7 $2 Qxe4 34. Rch1 Qe3+ 35. Kf1 Rc6 $19) 33... Bxd6 34. cxd6 Qxc4 35. Rxc4 Rxd6 $11) 33. Nd6 {[%emt 0:01:31] Really sharp!} Bxd6 34. cxd6 Qxe4 35. Rch1 $1 Qe3+ 36. Kf1 {[%emt 0:00:05] Threatens to win with Rh8+.} Qe2+ (36... d3 37. Rh8+ Kg7 38. Qc7+ (38. R1h7+ Kf6 $11) 38... Kf6 39. Qe7+ Kf5 40. R8h5+) 37. Qxe2 fxe2+ 38. Kxe2 $11 {[%emt 0:00:06][%mdl 4096] Endgame White wants to mate with Rh8+. KRR-KRR} Kf7 39. Rh8 Rgg8 40. Rf1+ Kg7 (40... Kg6 $11 41. Rxg8+ Rxg8) 41. Rh4 $16 {[%emt 0:00:04] Rg4+ would kill now.} Kg6 42. Kd3 ({White should try} 42. Rg4+ $16 Kh5 43. Rxg8 Rxg8 44. Kd3) 42... Rgf8 $2 (42... Rgd8 $11) 43. Rxf8 $18 Rxf8 44. Ke4 {[%emt 0:00:04] Inhibits Rf3.} d3 45. Kxe5 {[%emt 0:00:15] Threatening mate with Rg4+.} Kf7 46. Rf4+ {[%emt 0:00:19] Weighted Error Value: White=0.17 (very precise) /Black=0.69} 1-0